 Dungeon Crawl Stone Soup version 0.29.1-15-g9cfb28693d (webtiles) character file.

Game seed: 15978214196788019219

97 Barneous the Charlatan (level 4, -4/27 HPs)
             Began as an Octopode Wanderer on Mar 13, 2023.
             Slain by a gnoll
             ... wielding a +0 flail
              (5 damage)
             ... on level 3 of the Dungeon.
             The game lasted 00:07:42 (1854 turns).

Barneous the Charlatan (Octopode Wanderer)          Turns: 1854, Time: 00:07:42

Health: -4/27      AC:  1    Str: 11    XL:     4   Next: 68%
Magic:  1/6        EV: 12    Int: 16    God:
Gold:   45         SH:  0    Dex: 11    Spells: 2/6 levels left

rFire   . . .      SeeInvis .   c - +0 short sword
rCold   . . .      Faith    .   (no shield)
rNeg    . . .      Spirit   .   b - +0 hat
rPois   .          Reflect  .   (no amulet)
rElec   .          Harm     .   (no ring)
rCorr   .          Rampage  .   (no ring)
Will    .....                   (no ring)
Stlth   +++.......              (no ring)
HPRegen 0.09/turn               (no ring)
MPRegen 0.10/turn               (no ring)
                                (no ring)
                                (no ring)

@: no status effects
A: almost no armour, amphibious, 8 rings, camouflage 1, gelatinous body 1,
(nimble swimmer 1), tentacles
a: no special abilities


You were on level 3 of the Dungeon.
You visited 1 branch of the dungeon, and saw 3 of its levels.

You collected 45 gold pieces.

Inventory:

Hand Weapons
 c - a +0 short sword (weapon)
Armour
 b - a +0 hat (worn)
Wands
 d - a wand of charming (9)
Scrolls
 a - a scroll of teleportation
 f - a scroll of torment {unknown}
 g - a scroll of silence {unknown}


   Skills:
 + Level 0.6 Short Blades
 + Level 1.2 Dodging
 + Level 3.3 Stealth
 + Level 1.2 Unarmed Combat
 + Level 1.7 Spellcasting
 + Level 3.3 Conjurations
 + Level 1.1 Fire Magic
 + Level 4.7 Evocations


You had 2 spell levels left.
You knew the following spells:

 Your Spells              Type           Power      Damage    Failure   Level
a - Foxfire               Conj/Fire      32%        2x1d5     9%          1
b - Conjure Flame         Conj/Fire      8%         6-21      26%         3

Your spell library contained the following spells:

 Spells                   Type           Power      Damage    Failure   Level
 Beastly Appendage        Tmut           2%         N/A       22%         1
 Sublimation of Blood     Necr           1%         N/A       32%         2
 Dazzling Flash           Conj/Hex       12%        N/A       32%         3
 Gell's Gravitas          Tloc           1%         N/A       54%         3
 Lesser Beckoning         Tloc           1%         N/A       54%         3
 Teleport Other           Tloc           1%         N/A       54%         3
 Flame Wave               Conj/Fire      8%         2d5       63%         4
 Petrify                  Tmut/Erth      1%         N/A       91%         4
 Irradiate                Conj/Tmut      3%         3d12      96%         5
 Dragon Form              Tmut           0%         N/A       100%        7


Dungeon Overview and Level Annotations

Branches:
Dungeon (3/15)

Altars:

Shops:
D:1 (


Innate Abilities, Weirdness & Mutations

You cannot wear most types of armour.
You are amphibious.
You can wear up to eight rings at the same time.
Your skin changes colour to match your surroundings (Stealth+).
Your rubbery body absorbs attacks. (AC +1, EV +1)
((You are camouflaged when in or above water. (Stealth+)))
You have tentacles for arms and can constrict up to eight enemies at once.


Message History

You kill the gnoll!
The foxfire hits the gnoll.
The gnoll is moderately wounded.
A rat comes into view.
You hit the gnoll. You grab the gnoll. Your squeeze misses the gnoll.
The gnoll is moderately wounded.
You constrict the gnoll. The gnoll hits you with a +0 whip!
You hit the gnoll.
The gnoll is heavily wounded.
You constrict the gnoll. The gnoll hits you with a +0 whip.
You hit the gnoll but do no damage.
The gnoll is severely wounded.
You constrict the gnoll. The gnoll barely misses you.
Your magical contamination has completely faded away.
You hit the gnoll but do no damage.
The gnoll is severely wounded.
You constrict the gnoll. The gnoll hits you with a +0 whip.
The gnoll closely misses you.
You hit the gnoll.
You kill the gnoll!
The gnoll barely misses you.
You are too injured to fight recklessly!
You aren't carrying any potions.
You aren't carrying any potions.
You are too injured to fight recklessly!
You closely miss the gnoll. You grab the gnoll.
You tentacle-slap the gnoll, but do no damage.
You constrict the gnoll. The gnoll closely misses you.
The rat closely misses you. The rat bites you.
The gnoll hits you with a +0 flail!
* * * LOW HITPOINT WARNING * * *
You hit the gnoll.
The gnoll is moderately wounded.
You constrict the gnoll. The rat barely misses you.
The gnoll closely misses you.
You hit the gnoll but do no damage. You squeeze the gnoll.
The gnoll is heavily wounded.
You constrict the gnoll. The rat misses you.
The gnoll hits you with a +0 flail.
You die...

..## ..# ...... ..#
...#... ... .......##.# #.
#.. #..#......### #.## #o.
............ ... ...
#.........# ..# #..
#......#g.######. #.# #..
........r@....... #.# #..
#.#.......####### #.####..
#.....##......).###...<).[
.##.......................
#.#)##.######.###.####.#
#.# #.# #...# #.# #.# .
#.####.#.###.# #.# .
#.#........... ..#
#............( ...


You could see a gnoll and a rat.

Vanquished Creatures
  Terence (D:2)
  3 gnolls
  A dart slug (D:3)
  2 orcs (D:3)
  4 endoplasms
  A giant cockroach (D:2)
  3 goblins
  3 hobgoblins
  4 jackals (D:2)
  2 kobolds
  A quokka (D:2)
  4 ball pythons
  4 bats
  A frilled lizard (D:1)
  6 rats
40 creatures vanquished.

Vanquished Creatures (others)
  79 foxfires
79 creatures vanquished.

Grand Total: 119 creatures vanquished

Notes
Turn   | Place    | Note
-------+----------+-------------------------------------------
     0 | D:1      | Barneous the Octopode Wanderer began the quest for the Orb.
     0 | D:1      | Barneous set off with the following items: a +0 club, a +0
                  | hat, a potion of berserk rage, a wand of charming (9); and
                  | the following spell memorised: Foxfire; and the following
                  | spells available to memorise: Dazzling Flash.
     0 | D:1      | Reached XP level 1. HP: 11/11 MP: 2/2
    38 | D:1      | Reached XP level 2. HP: 15/17 MP: 0/3
   100 | D:1      | Found Qurept's Antique Weapon Shoppe.
   361 | D:1      | Found a faded altar of an unknown god.
   816 | D:2      | Reached XP level 3. HP: 17/21 MP: 0/4
  1418 | D:2      | Identified a scroll of acquirement
  1418 | D:2      | Acquired Sif Muna's Octavo of Charred Transmogrification
  1428 | D:2      | Noticed Terence
  1436 | D:2      | Killed Terence
  1437 | D:2      | Reached skill level 1 in Dodging
  1437 | D:2      | Reached skill level 1 in Unarmed Combat
  1437 | D:2      | Reached skill level 1 in Fire Magic
  1437 | D:2      | Reached XP level 4. HP: 27/27 MP: 0/6
  1494 | D:2      | Learned a level 3 spell: Conjure Flame
  1852 | D:3      | HP: 1/27 [gnoll/+0 flail (10)]
  1854 | D:3      | Slain by a gnoll

Illustrated notes

Levels and vault maps discovered:
D:1:      minmay_arrival_five_plusses, layout_basic,
          ebering_ecumenical_altar_abandoned, serial_shops,
          nicolae_shop_crystal, minmay_tetromino_t2
D:2:      layout_rooms, uniq_terence
D:3:      layout_basic

Skill      XL: |  1  2  3 |
---------------+----------+-----
Stealth        | 3 |  3.3
Dodging        | 1 |  1.2
Unarmed Combat | 1 |  1.2
Fire Magic     | 1 |  1.1
Short Blades   | |  0.6
Spellcasting   | |  1.7
Conjurations   | |  3.3
Evocations     | |  4.7

Action                   |  1- 3 |  4- 6 || total
-------------------------+-------+-------++-------
Melee: Club              |    31 |       ||    31
       Tentacles         |    10 |     2 ||    12
       Constrict         |    10 |     5 ||    15
       Short sword       |    11 |    17 ||    28
       Punch             |     1 |     1 ||     2
 Cast: Foxfire           |    36 |     8 ||    44
       Conjure Flame     |       |     1 ||     1
  Use: Potion            |     5 |       ||     5
       Scroll            |     5 |       ||     5
 Stab: Sleeping          |     3 |       ||     3
Armor: Skin              |     8 |       ||     8
Dodge: Dodged            |    37 |    13 ||    50
